 Dungeon Crawl Stone Soup version 0.30-a0-141-g30f27751c5 (webtiles) character file.

Game seed: 15681380120770725328

790 Belterius the Chopper (level 7, -1/63 HPs)
             Began as a Minotaur Fighter on Sept 25, 2022.
             Succumbed to a killer bee's poison
             ... on level 5 of the Dungeon.
             The game lasted 00:06:44 (5148 turns).

Belterius the Chopper (Minotaur Fighter)            Turns: 5148, Time: 00:06:44

Health: -1/63      AC:  8    Str: 22    XL:     7   Next: 57%
Magic:  6/6        EV:  9    Int:  5    God:
Gold:   247        SH:  5    Dex: 10    Spells: 6/6 levels left

rFire   . . .      SeeInvis .    a - +0 war axe
rCold   . . .      Faith    .    c - +0 buckler
rNeg    . . .      Spirit   .    b - +0 scale mail
rPois   .          Reflect  .    (helmet restricted)
rElec   .          Harm     .    (no cloak)
rCorr   +          Rampage  .    y - +0 pair of gloves
Will    .....                    (no boots)
Stlth   ..........               (no amulet)
HPRegen 0.20/turn                j - ring of flight
MPRegen 0.10/turn                l - ring of resist corrosion

@: lethally poisoned (-1 -> -22), flying
A: horns 2, retaliatory headbutt
a: no special abilities


You were on level 5 of the Dungeon.
You visited 1 branch of the dungeon, and saw 5 of its levels.

You collected 247 gold pieces.

Inventory:

Hand Weapons
 a - a +0 war axe (weapon)
 d - a +1 scythe of venom
Missiles
 A - 3 boomerangs (quivered)
Armour
 b - a +0 scale mail (worn)
 c - a +0 buckler (worn)
 y - a +0 pair of gloves (worn)
Jewellery
 j - a ring of flight (left hand)
 l - a ring of resist corrosion (right hand)
Wands
 w - a wand of acid (12)
Scrolls
 e - a scroll of enchant armour {unknown}
 g - a scroll of torment {unknown}
 h - 4 scrolls of identify {unknown}
 i - a scroll of blinking {unknown}
 n - a scroll of silence {unknown}
 q - a scroll of fog {unknown}
 s - 2 scrolls of magic mapping {unknown}
 t - a scroll of poison {unknown}
 x - a scroll of brand weapon {unknown}
 z - a scroll of teleportation {unknown}
Potions
 f - 2 potions of curing {unknown}
 k - 3 potions of haste {unknown}
 m - 2 potions of flight {unknown}
 o - 2 potions of attraction {unknown}
 p - a potion of berserk rage {unknown}
 r - 2 potions of ambrosia {unknown}
 u - a potion of experience {unknown}
 v - a potion of resistance {unknown}


   Skills:
 + Level 6.0 Fighting
 * Level 6.2 Axes
 + Level 6.0 Armour
 + Level 6.0 Shields


You had 6 spell levels left.
You didn't know any spells.
Your spell library contained the following spells:

 Spells                   Type           Power      Damage    Failure   Level
 Blink                    Tloc           0%         N/A       94%         2
 Manifold Assault         Tloc           0%         N/A       100%        4
 Storm Form               Tmut/Air       0%         N/A       100%        7


Dungeon Overview and Level Annotations

Branches:
Dungeon (5/15)             Temple (0/1) D:4

Altars:
Sif Muna

Shops:
D:2 *

Annotations:
D:3 Natasha
D:4 3 runed translucent doors, QuickerDeath's ghost, amateur OpEE


Innate Abilities, Weirdness & Mutations

You have a pair of horns on your head.
You reflexively headbutt those who attack you in melee.


Message History

The killer bee stings you.
You are more poisoned.
The killer bee poisons you!
The killer bee attacks as you move away!
The killer bee barely misses you.
The killer bee attacks as you move away!
The killer bee stings you but does no damage.
You feel very sick.
The killer bee stings you but does no damage.
You feel sick.
The killer bee stings you but does no damage.
The killer bee attacks as you move away!
The killer bee barely misses you. You furiously retaliate!
You headbutt the killer bee!
You feel sick.
The killer bee stings you but does no damage.
You block the killer bee's attack.
There is an open door here.
The killer bee attacks as you move away!
The killer bee barely misses you.
You feel sick.
You miss the killer bee. x2
You hear the brisk rusting of a distant drain.
You feel sick. You block the killer bee's attack.
The killer bee closely misses you. You furiously retaliate!
You headbutt the killer bee. The killer bee stings you.
* * * LOW HITPOINT WARNING * * *
You are lethally poisoned!
The killer bee poisons you! The killer bee barely misses you.
You barely miss the killer bee. You miss the killer bee.
* * * LOW HITPOINT WARNING * * *
You feel very sick. The killer bee stings you.
* * * LOW HITPOINT WARNING * * *
You are more poisoned.
The killer bee poisons you! You block the killer bee's attack.
The killer bee barely misses you.
The killer bee stings you but does no damage.
You slash the killer bee!
You kill the killer bee!
You slash the killer bee!
You die...

..............#
.........##..######
.....##..#####....#
.....##..##..'....#
.....##..##..#....#
.............#....#########
.........##..#####........#
.........##..##.†y).......#
.....##..##...#.@#........#
.....##).##..#####........#
.....##..#####............#
.........#................#
.....#####................#
.....# ..................#
###'##....................#
.<.....................[..#
.)........................#


You could see a killer bee.

Vanquished Creatures
  Sigmund (D:3)
  A sky beast (D:5)
  A black bear (D:5)
  A centaur (D:5)
  A scorpion (D:4)
  2 killer bees (D:5)
  A hound (D:4)
  Jessica (D:2)
  Natasha (D:3)
  2 orc wizards (D:4)
  Robin (D:3)
  3 adders
  2 dart slugs (D:4)
  10 orcs
  9 endoplasms
  3 giant cockroaches
  14 goblins
  7 hobgoblins
  3 jackals (D:2)
  2 quokkas (D:4)
  10 ball pythons
  6 bats
  A frilled lizard (D:2)
  3 kobolds
  6 rats
92 creatures vanquished.

Notes
Turn   | Place    | Note
-------+----------+-------------------------------------------
     0 | D:1      | Belterius the Minotaur Fighter began the quest for the Orb.
     0 | D:1      | Reached XP level 1. HP: 19/19 MP: 0/0
   187 | D:1      | Reached XP level 2. HP: 27/27 MP: 1/1
   952 | D:2      | Noticed Jessica
   957 | D:2      | Killed Jessica
   958 | D:2      | Reached XP level 3. HP: 31/33 MP: 2/2
  1317 | D:2      | Reached XP level 4. HP: 40/40 MP: 3/3
  1478 | D:2      | Found Defegh's General Store.
  2299 | D:3      | Found a shimmering blue altar of Sif Muna.
  2356 | D:3      | Found a faded altar of an unknown god.
  2441 | D:3      | Noticed Sigmund
  2479 | D:3      | Killed Sigmund
  2480 | D:3      | Reached skill level 5 in Fighting
  2480 | D:3      | Reached skill level 5 in Armour
  2480 | D:3      | Reached skill level 5 in Shields
  2480 | D:3      | Reached XP level 5. HP: 16/48 MP: 4/4
  2862 | D:3      | Noticed Robin
  2881 | D:3      | Reached XP level 6. HP: 42/56 MP: 5/5
  2891 | D:3      | Killed Robin
  3195 | D:3      | Noticed Natasha
  3203 | D:3      | Killed Natasha
  3494 | D:3      | Noticed Natasha
  3645 | D:4      | Found a staircase to the Ecumenical Temple.
  4085 | D:4      | Reached skill level 5 in Axes
  4466 | D:4      | Found a runed translucent gate.
  4467 | D:4      | Found a runed translucent gate.
  4468 | D:4      | Found a runed translucent gate.
  4469 | D:4      | Noticed QuickerDeath's ghost (amateur OpEE)
  4697 | D:5      | Entered Level 5 of the Dungeon
  4767 | D:5      | Reached XP level 7. HP: 53/62 MP: 6/6
  5148 | D:5      | Succumbed to a killer bee's poison

Illustrated notes

Levels and vault maps discovered:
D:1:      scummos_arrival_gate, layout_basic,
          amcnicky_mini_rare_corridor_liquid, minmay_pentomino_x2
D:2:      layout_loops_corners, serial_shops, shop, uniq_jessica
D:3:      layout_loops_corners, nicolae_sif_muna_little_library,
          hellmonk_ecumenical_altar_pennies_from_heaven, uniq_sigmund,
          uniq_natasha, uniq_robin
D:4:      layout_loops_ring, minmay_temple_entry_statues_pillars,
          ebering_ghost_rock_garden, minmay_unequal
D:5:      layout_gridville, gup_sewer_entry_spiral

Skill      XL: |  1  2  3  4  5  6  7 |
---------------+----------------------+-----
Armour         | 4 5 6 |  6.0
Shields        | 4 5 6 |  6.0
Fighting       | 4 5 6 |  6.0
Axes           | 3 4 5 6 |  6.2

Action                   |  1- 3 |  4- 6 |  7- 9 || total
-------------------------+-------+-------+-------++-------
Melee: War axe           |    76 |   135 |    16 ||   227
       Headbutt          |     5 |    12 |     1 ||    18
  Use: Potion            |       |     1 |       ||     1
Armor: Scale mail        |    41 |    56 |    19 ||   116
Dodge: Dodged            |    26 |    55 |    13 ||    94
Block: Buckler           |    17 |    32 |     7 ||    56

Table legend: (Time is in decaauts)
 A = Elapsed time spent in this place.
 B = Non-inter-level travel time spent in this place.
 C = Inter-level travel time spent in this place.
 D = Time resting spent in this place.
 E = Time spent auto-exploring this place.
 F = Levels seen in this place.
 G = Mean time per level.
                   A        B        C        D        E       F      G
               +--------+--------+--------+--------+--------+-----+--------+
         Total |   5226 |   5078 |    148 |    613 |   3817 |   5 | 1045.2 |
       Dungeon |   5226 |   5078 |    148 |    613 |   3817 |   5 | 1045.2 |
               +--------+--------+--------+--------+--------+-----+--------+

Top non-repeatable levels by time:
     D:3: 1537 daAuts
     D:4: 1187 daAuts
     D:2: 1106 daAuts
     D:1: 936 daAuts
     D:5: 458 daAuts
